 Dungeon Crawl Stone Soup version 0.29-a0-359-g541a27f54d (webtiles) character file.

Game seed: 6500258054263794047

326 YayAnonymity the Grave Robber (level 6, -3/42 HPs)
             Began as a Demonspawn Necromancer on Apr 28, 2022.
             Killed by nerve-wracking pain
             ... invoked by an orc priest
              (14 damage)
             ... on level 3 of the Dungeon.
             The game lasted 00:07:49 (4283 turns).

YayAnonymity the Grave Robber (DsNe)                Turns: 4283, Time: 00:07:49

Health: -3/42      AC:  6    Str:  8    XL:     6   Next: 24%
Magic:  9/12       EV: 10    Int: 18    God:
Gold:   171        SH:  0    Dex: 14    Spells: 8/13 levels left

rFire   . . .      SeeInvis .   e - +0 whip
rCold   . . .      Faith    .   (no shield)
rNeg    . . .      Spirit   .   o - +0 ring mail
rPois   +          Reflect  .   c - +0 helmet
rElec   .          Harm     .   (no cloak)
rCorr   .          Rampage  .   (no gloves)
Will    .....                   (no boots)
Stlth   +.........              (no amulet)
HPRegen 0.14/turn               l - ring of poison resistance
MPRegen 0.13/turn               (no ring)

@: no status effects
A: demonic guardian 1, spiny 1, weakness stinger 2
a: no special abilities


You were on level 3 of the Dungeon.
You visited 1 branch of the dungeon, and saw 4 of its levels.

You collected 171 gold pieces.

Inventory:

Hand Weapons
 e - a +0 whip (weapon)
Missiles
 i - 3 poisoned darts
Armour
 c - a +0 helmet (worn)
 o - a +0 ring mail (worn)
Jewellery
 l - a ring of poison resistance (left hand)
Scrolls
 d - 7 scrolls of identify {unknown}
 h - 4 scrolls of noise {unknown}
 j - a scroll of vulnerability {unknown}
 n - a scroll of enchant weapon {unknown}
 p - a scroll of teleportation {unknown}
 q - a scroll of fog {unknown}
 r - a scroll of magic mapping {unknown}
 s - a scroll of enchant armour {unknown}
Potions
 a - a potion of brilliance {unknown}
 b - a potion of magic
 f - 2 potions of curing {unknown}
 g - 3 potions of mutation {unknown}
 k - 2 potions of lignification {unknown}
 m - a potion of attraction {unknown}


   Skills:
 + Level 0.4 Fighting
 + Level 0.3 Armour
 + Level 1.9 Dodging
 - Level 1.7 Stealth
 - Level 4.0 Spellcasting
 - Level 7.0 Necromancy


You had 8 spell levels left.
You knew the following spells:

 Your Spells              Type           Power      Damage    Failure   Level
a - Pain                  Necr           100%       1d9       2%          1
b - Animate Skeleton      Necr           56%        N/A       2%          1
c - Vampiric Draining     Necr           28%        2d8       8%          3

Your spell library contained the following spells:

 Spells                   Type           Power      Damage    Failure   Level
 Animate Dead             Necr           14%        N/A       26%         4
 Blink                    Tloc           6%         N/A       56%         2
 Agony                    Necr           28%        N/A       56%         5
 Lesser Beckoning         Tloc           3%         N/A       80%         3
 Manifold Assault         Tloc           3%         N/A       100%        5


Dungeon Overview and Level Annotations

Branches:
Dungeon (4/15)
 Temple: D:4-7

Altars:

Shops:
D:1 [


Innate Abilities, Weirdness & Mutations

A weak demonic guardian rushes to your aid.
You are partially covered in sharp spines.
You have a tail ending in a sharp stinger.


Message History

The jackal barely misses you. The jackal closely misses you.
There is a stone staircase leading up here.
The jackal bites you. x2
The jackal bites you but does no damage.
The jackal misses you. The jackal is struck by your spines.
The jackal bites you but does no damage.
The orc priest calls down the wrath of Beogh upon you.
Beogh smites you!
A demonic guardian appears!
The jackal is struck by your spines.
You kill the jackal!
You climb upwards.
There is a stone staircase leading down here.
Casting: Pain (safe; 2% risk of failure)
Confirm with . or Enter, or press ? or * to list all spells.
Aiming: Pain (safe; 2% risk of failure)
Press: ? - help, Shift-Dir - straight line, f - jackal
Aim: a jackal (heavily wounded, chance to affect: 93%)
The jackal writhes in agony.
You kill the jackal!
The jackal is struck by your spines. The jackal barely misses you.
The orc priest mumbles some strange prayers to Beogh against you.
Pain shoots through your body!
* * * LOW HITPOINT WARNING * * *
Casting: Pain (safe; 2% risk of failure)
Confirm with . or Enter, or press ? or * to list all spells.
Aiming: Pain (safe; 2% risk of failure)
Press: ? - help, Shift-Dir - straight line, f - orc priest
Aim: an orc priest, wielding a +0 falchion and wearing a +0 ring mail (heavily wounded, chance to affect: 83%)
The orc priest writhes in agony.
The jackal closely misses you. The orc priest closely misses you.
Casting: Pain (safe; 2% risk of failure)
Confirm with . or Enter, or press ? or * to list all spells.
Aiming: Pain (safe; 2% risk of failure)
Press: ? - help, Shift-Dir - straight line, f/p - orc priest
Aim: an orc priest, wielding a +0 falchion and wearing a +0 ring mail (severely wounded, chance to affect: 83%)
The orc priest writhes in agony.
The jackal is struck by your spines.
You kill the jackal!
The orc priest calls down the wrath of Beogh upon you.
Pain shoots through your body!
You die...

....# #.#.# #.#
....# #.#.# #.#
....# #.#.# #.#
....# #.#.# #<#
....# #...# #.#
.#### ##..# #.#
.# #..# #.# .#
#o.# #.# .#
#.@# #.# .#
##†# #.# ##
#.##### #.#
##.....######.#
#............)#
#.............#
#............##
##'####......#
#....+......#


You could see an orc priest.

Vanquished Creatures
  2 black bears (D:3)
  A scorpion (D:4)
  A worm (D:3)
  An orc (D:3)
  3 ball pythons
  5 endoplasms
  A giant cockroach (D:1)
  12 goblins
  7 hobgoblins
  11 jackals
  5 kobolds
  4 quokkas
  7 bats
  5 frilled lizards
  4 rats
69 creatures vanquished.

Vanquished Creatures (collateral kills)
  Robin (D:3)
  A worm (D:2)
2 creatures vanquished.

Grand Total: 71 creatures vanquished

Notes
Turn   | Place    | Note
-------+----------+-------------------------------------------
     0 | D:1      | YayAnonymity the Demonspawn Necromancer began the quest for
                  | the Orb.
     0 | D:1      | Reached XP level 1. HP: 13/13 MP: 3/3
   487 | D:1      | Gained mutation: You have a small tail. [demonic ancestry]
   487 | D:1      | Reached XP level 2. HP: 16/19 MP: 1/5
   534 | D:1      | Learned a level 1 spell: Animate Skeleton
   623 | D:1      | Found Zeenlien's Antique Armour Boutique.
   836 | D:1      | Reached skill level 5 in Necromancy
  1157 | D:1      | Found a faded altar of an unknown god.
  1855 | D:2      | Gained mutation: A weak demonic guardian rushes to your
                  | aid. [demonic ancestry]
  1855 | D:2      | Reached XP level 3. HP: 23/24 MP: 4/6
  2972 | D:3      | Noticed Robin
  3022 | D:3      | Killed Robin
  3023 | D:3      | Gained mutation: You are partially covered in sharp spines.
                  | [demonic ancestry]
  3023 | D:3      | Reached XP level 4. HP: 20/30 MP: 1/8
  3585 | D:3      | Noticed a black bear
  3590 | D:3      | Killed a black bear
  3591 | D:3      | Reached skill level 6 in Necromancy
  3591 | D:3      | Reached XP level 5. HP: 13/35 MP: 3/9
  4120 | D:3      | Noticed a black bear
  4124 | D:3      | Killed a black bear
  4125 | D:3      | Reached skill level 7 in Necromancy
  4125 | D:3      | Gained mutation: You have a tail ending in a sharp stinger.
                  | [demonic ancestry]
  4125 | D:3      | Reached XP level 6. HP: 36/41 MP: 6/11
  4224 | D:4      | Learned a level 3 spell: Vampiric Draining
  4283 | D:3      | Killed from afar by an orc priest

Illustrated notes

Levels and vault maps discovered:
D:1:      evilmike_arrival_rings, layout_loops_ring, basic_ecumenical_altar,
          serial_shops, nicolae_shop_advertising_works
          [nicolae_subvault_shop_adworks]
D:2:      layout_basic
D:3:      layout_basic, uniq_robin
D:4:      minmay_polygon_palace, layout_cave_pods, led_sif_pool,
          minmay_temple_entry_antechambers, uniq_grinder

Skill      XL: |  1  2  3  4  5  6 |
---------------+-------------------+-----
Necromancy     | 5 6 7 |  7.0
Spellcasting   | 3 4 |  4.0
Fighting       | |  0.4
Armour         | |  0.3
Dodging        | |  1.9
Stealth        | |  1.7

Action                   |  1- 3 |  4- 6 || total
-------------------------+-------+-------++-------
Melee: Whip              |    23 |       ||    23
       Punch             |     1 |       ||     1
       Tailslap          |     2 |       ||     2
 Cast: Pain              |    86 |    41 ||   127
       Animate Skeleton  |     2 |       ||     2
Armor: Robe              |     6 |     3 ||     9
       Ring mail         |       |     4 ||     4
Dodge: Dodged            |    22 |    16 ||    38

Table legend: (Time is in decaauts)
 A = Elapsed time spent in this place.
 B = Non-inter-level travel time spent in this place.
 C = Inter-level travel time spent in this place.
 D = Time resting spent in this place.
 E = Time spent auto-exploring this place.
 F = Levels seen in this place.
 G = Mean time per level.
                   A        B        C        D        E       F      G
               +--------+--------+--------+--------+--------+-----+--------+
         Total |   4290 |   4064 |    226 |    330 |   3248 |   4 | 1072.5 |
       Dungeon |   4290 |   4064 |    226 |    330 |   3248 |   4 | 1072.5 |
               +--------+--------+--------+--------+--------+-----+--------+

Top non-repeatable levels by time:
     D:1: 1579 daAuts
     D:2: 1498 daAuts
     D:3: 1147 daAuts
     D:4: 65 daAuts
